AoeStats
← 懿

Black Forest

505184427Analyzed
4v4 RM · 24d ago on Sep 8, 2026· 70m 53s· 8 players
Game mode
Random Map
Map size
Large (8 player)
Population
200
Speed
Normal
Resources
Standard
Victory
Conquest
Starting age
Dark Age
Ending age
Imperial Age
RankedLock teamsTeams togetherTeam positionsShared explorationLock speedFull tech treeHidden civsTurbo modeCheats
Victory
Defeat
1087
+15
🇹🇼 Goths · Taiwan
1087
+15
🇧🇷 Britons · Brazil
1068
+16
🇵🇪 Khmer · Peru
1068
+16
🇨🇳 Khmer · China
1102
-17
🇪🇸 Tatars · Spain
1101
-17
🇦🇺 Magyars · Australia
1092
-16
🇵🇭 Turks · Philippines
977
-12
PilotePSP
0:30 Loom
16:25 Feudal Age
19:39 Castle Age
17:37 Double-Bit Axe
18:30 Horse Collar
19:58 Stone Mining
20:01 Gold Mining
21:27 Bow Saw
21:44 Scale Barding Armor
22:12 Forging
23:37 Fervor
23:44 Fletching
25:57 Wheelbarrow
26:17 Bloodlines
27:25 Bodkin Arrow
29:17 Town Watch
30:18 Gold Shaft Mining
31:17 Redemption
31:34 Husbandry
36:53 Imperial Age
35:55 Stone Shaft Mining
35:56 Coinage
35:26 Caravan
36:31 Iron Casting
36:17 Chain Barding Armor
36:51 Heavy Plow
37:18 Hand Cart
37:07 Town Patrol
38:12 Bracer
38:49 Plate Barding Armor
39:15 Blast Furnace
39:18 Chemistry
38:38 Ballistics
37:52 Light Cavalry
38:56 Heavy Scorpion
39:53 Hussar
41:09 Siege Engineers
41:38 Sanctity
41:42 Elite Battle Elephant
45:21 Tusk Swords
59:51 Elite Ballista Elephant
69:24 Double Crossbow
71:32 Scale Mail Armor
Shibani
0:27 Loom
13:02 Feudal Age
16:47 Castle Age
14:57 Stone Mining
14:54 Double-Bit Axe
15:18 Horse Collar
17:15 Fletching
17:39 Bow Saw
23:07 Fishing Lines
23:40 Bodkin Arrow
26:19 Gillnets
31:11 Imperial Age
29:28 Gold Mining
30:08 Yeomen
29:52 Padded Archer Armor
30:53 Wheelbarrow
30:04 Town Watch
31:04 Heavy Plow
31:43 Ballistics
31:24 Elite Longbowman
32:31 Bracer
34:12 Chemistry
34:59 Conscription
35:34 Hand Cart
35:07 Town Watch
38:10 Hoardings
37:46 Masonry
40:08 Hoardings
41:57 Leather Archer Armor
43:14 Ring Archer Armor
43:28 Gold Shaft Mining
52:10 Arrowslits
52:15 Guard Tower
52:56 Architecture
55:54 Guilds
59:47 Fortified Wall
60:22 Warwolf
61:59 Siege Engineers
69:07 Two-Man Saw
69:17 Keep
70:45 Clinker Construction
70:15 Sappers
懿
11:29 Feudal Age
15:40 Castle Age
14:09 Double-Bit Axe
14:38 Horse Collar
21:10 Bow Saw
24:48 Wheelbarrow
23:59 Loom
26:07 Hand Cart
26:45 Heavy Plow
31:51 Imperial Age
29:33 Scale Mail Armor
30:29 Gold Mining
31:10 Forging
31:15 Chain Mail Armor
32:40 Iron Casting
31:30 Pikeman
32:10 Squires
31:31 Man-at-Arms
32:15 Anarchy
32:41 Ballistics
32:51 Perfusion
33:09 Halberdier
35:10 Chemistry
34:06 Murder Holes
34:23 Masonry
35:26 Crop Rotation
35:58 Blast Furnace
35:26 Elite Huskarl
41:50 Architecture
49:32 Two-Man Saw
58:46 Onager
ሰላምنعمة˙ʞɐɥʇ
0:49 Loom
12:24 Feudal Age
17:16 Castle Age
15:34 Horse Collar
19:13 Heavy Plow
25:39 Gold Mining
25:41 Stone Mining
26:48 Wheelbarrow
26:00 Town Watch
31:19 Imperial Age
30:25 Hand Cart
30:11 Town Patrol
30:13 Scale Mail Armor
30:20 Scale Barding Armor
30:28 Forging
30:20 Padded Archer Armor
32:01 Chain Barding Armor
32:19 Iron Casting
32:01 Chain Mail Armor
33:06 Conscription
32:49 Howdah
32:18 Elite Battle Elephant
33:02 Husbandry
33:14 Bloodlines
32:29 Light Cavalry
33:49 Plate Barding Armor
35:18 Blast Furnace
34:49 Plate Mail Armor
34:55 Manipur Cavalry
35:38 Onager
37:03 Gold Shaft Mining
37:50 Chemistry
36:57 Siege Engineers
37:03 Masonry
36:36 Treadmill Crane
37:17 Ballistics
39:58 Caravan
51:20 Hussar
omasade89
16:39 Loom
28:53 Feudal Age
34:40 Castle Age
33:03 Fishing Lines
34:05 Double-Bit Axe
35:02 Stone Mining
38:05 Gillnets
40:13 Bow Saw
41:32 Wheelbarrow
51:56 Horse Collar
55:18 Heavy Plow
56:38 Bloodlines
55:49 Light Cavalry
58:45 Husbandry
59:00 Scale Barding Armor
61:49 Chain Barding Armor
人在阵地在
6:19 Loom
14:20 Feudal Age
17:11 Double-Bit Axe
21:08 Castle Age
21:02 Gold Mining
20:54 Horse Collar
22:16 Caravan
22:49 Bow Saw
28:13 Imperial Age
29:15 Fishing Lines
31:17 Double Crossbow
32:10 Heavy Scorpion
33:37 Tusk Swords
34:18 Ballistics
35:43 Siege Engineers
38:16 Chemistry
38:43 Gold Shaft Mining
37:59 Stone Mining
42:52 Wheelbarrow
Deathray
13:02 Feudal Age
17:25 Castle Age
24:17 Double-Bit Axe
29:47 Gold Mining
29:53 Stone Mining
30:42 Loom
30:42 Loom
34:10 Imperial Age
32:45 Wheelbarrow
31:56 Town Watch
33:01 Town Patrol
35:01 Bow Saw
35:09 Hand Cart
35:24 Conscription
38:31 Heavy Scorpion
43:52 Artillery
Schleb
1:30 Loom
12:13 Feudal Age
16:52 Castle Age
16:05 Horse Collar
16:13 Double-Bit Axe
22:27 Bow Saw
22:20 Heavy Plow
23:49 Fletching
26:21 Bodkin Arrow
26:26 Padded Archer Armor
27:42 Elite Skirmisher
30:58 Leather Archer Armor
32:36 Wheelbarrow
32:45 Ballistics
33:36 Thumb Ring
34:44 Hand Cart
39:03 Imperial Age
39:20 Town Watch
39:49 Bracer
40:20 Ring Archer Armor
41:23 Chemistry
40:14 Heavy Cavalry Archer
41:21 Parthian Tactics
41:25 Bloodlines
41:17 Husbandry
42:12 Caravan
42:44 Recurve Bow
43:05 Conscription
47:47 Scale Mail Armor
47:14 Pikeman
47:58 Halberdier
49:23 Chain Mail Armor
53:29 Town Patrol
53:35 Corvinian Army
Connection lost

Rejoining the realm…

Still unreachable

The connection could not be restored.

Session expired

The server has moved on; the page needs a fresh start.